AoeStats
← nikolai3toaster

Arena

508019578Analyzed
1v1 RM · 11d ago on Sep 20, 2026· 86m 15s· 2 players
Game mode
Random Map
Map size
Tiny (2 player)
Population
200
Speed
Normal
Resources
Standard
Victory
Conquest
Starting age
Dark Age
Ending age
Imperial Age
RankedLock teamsTeams togetherTeam positionsShared explorationLock speedFull tech treeHidden civsTurbo modeCheats
Victory
Defeat
🇰🇿 Armenians · Kazakhstan
778
+15
🇨🇭 Bulgarians · Switzerland
759
-15
nikolai3toaster
8:53 Loom
11:19 Feudal Age
11:58 Double-Bit Axe
13:38 Horse Collar
19:44 Castle Age
18:18 Forging
18:09 Scale Mail Armor
20:51 Gambesons
21:07 Squires
21:31 Scale Barding Armor
21:43 Heavy Plow
22:56 Bow Saw
23:36 Stone Mining
28:16 Chain Mail Armor
28:37 Iron Casting
31:13 Wheelbarrow
35:40 Hand Cart
37:37 Ballistics
39:51 Imperial Age
38:20 Husbandry
38:30 Bloodlines
37:41 Light Cavalry
41:15 Onager
43:00 Blast Furnace
42:31 Plate Mail Armor
43:10 Chemistry
42:16 Siege Engineers
42:18 Bagains
41:42 Hussar
43:57 Crop Rotation
44:29 Siege Onager
55:13 Chain Barding Armor
60:26 Gold Mining
60:42 Capped Ram
61:43 Siege Ram
62:55 Stirrups
storm
9:49 Feudal Age
14:15 Castle Age
13:03 Double-Bit Axe
13:06 Horse Collar
15:55 Bow Saw
20:02 Fletching
20:52 Wheelbarrow
21:26 Padded Archer Armor
22:49 Bodkin Arrow
23:19 Town Watch
25:37 Hand Cart
26:27 Town Patrol
27:10 Loom
29:48 Scale Mail Armor
29:59 Forging
30:04 Leather Archer Armor
30:35 Ballistics
32:48 Imperial Age
31:52 Heavy Plow
31:44 Gold Mining
33:51 Conscription
32:53 Elite Composite Bowman
34:26 Man-at-Arms
36:58 Bracer
37:28 Ring Archer Armor
38:40 Chemistry
37:08 Long Swordsman
39:26 Gold Shaft Mining
38:32 Pikeman
38:32 Two-Handed Swordsman
40:00 Chain Mail Armor
40:20 Iron Casting
43:40 Plate Mail Armor
44:10 Blast Furnace
43:32 Bombard Tower
42:39 Champion
42:45 Halberdier
46:46 Fereters
64:13 Scale Barding Armor
65:07 Squires
72:17 Hoardings
72:43 Chain Barding Armor
74:36 Gambesons
78:40 Bloodlines
78:31 Husbandry
77:51 Light Cavalry
Connection lost

Rejoining the realm…

Still unreachable

The connection could not be restored.

Session expired

The server has moved on; the page needs a fresh start.